 Dungeon Crawl Stone Soup version 0.24.0-10-g970556be89 (webtiles) character file.

Game seed: 376614029548580471, levelgen mode: deterministic

307082 Johnny the Trollish Blade (level 20, -10/210 HPs)
             Began as a Troll Berserker on Nov 4, 2019.
             Was an Elder of Trog.
             Killed from afar by a war gargoyle (25 damage)
             ... with a spray of metal splinters
             ... on level 2 of the Vaults.
             The game lasted 01:16:49 (41772 turns).

Johnny the Trollish Blade (Troll Berserker)        Turns: 41772, Time: 01:16:50

Health: -10/210    AC: 12    Str: 36    XL:     20   Next: 32%
Magic:  19/19      EV: 17    Int: 16    God:    Trog [****..]
Gold:   3097       SH:  0    Dex:  6    Spells: 19/19 levels left

rFire    + . .     SeeInvis .   J - +10 triple sword of Pride {drain, rElec rN+ Int+3 Dex-3}
rCold    + . .     Gourm    +   (shield currently unavailable)
rNeg     + . .     Faith    .   A - +0 swamp dragon scales
rPois    +         Spirit   .   x - +1 hat
rElec    +         Reflect  .   z - scarf {rC+ rF+}
rCorr    .         Harm     .   (gloves unavailable)
MR       ++...                  (boots unavailable)
Stlth    +.........             H - amulet of the Ladybird {Acrobat Int+5 Slay+2 Stlth+}
HPRegen  1.85/turn              o - +5 ring of evasion
MPRegen  0.16/turn              v - ring of protection from magic

@: brilliant, vulnerable, regenerating
A: large, unfitting armour, claws 3, fast metabolism 3, gourmand, regeneration
1, shaggy fur 1, tough skin 3
}: 2/15 runes: decaying, serpentine
a: Berserk, Trog's Hand, Brothers in Arms, Renounce Religion


You were on level 2 of the Vaults.
You worshipped Trog.
Trog was greatly pleased with you.
You were very full.

You visited 7 branches of the dungeon, and saw 36 of its levels.
You also visited: Bailey and Ice Cave.

You collected 4368 gold pieces.
You spent 1271 gold pieces at shops.

Inventory:

Hand Weapons
 B - a +4 great sword of holy wrath
 J - the +10 triple sword of Pride (weapon) {drain, rElec rN+ Int+3 Dex-3}
   (You acquired it on level 1 of the Orcish Mines)

   A truly terrible weapon, it drains the life of those it strikes.
   It affects your intelligence (+3).
   It affects your dexterity (-3).
   It insulates you from electricity.
   It protects you from negative energy.
Missiles
 T - 46 large rocks (quivered)
Armour
 x - a +1 hat (worn)
 z - a scarf of resistance (worn)
 A - +0 swamp dragon scales (worn)
 P - a +2 troll leather armour {Snorg}
Jewellery
 d - an uncursed ring of resist corrosion
 o - a +5 ring of evasion (left claw)
 u - the ring "Foargh" {rF+ rC+ Dex+6}
   (You took it off a deep elf master archer on level 3 of the Elven Halls)

   [ring of protection from fire]

   It affects your dexterity (+6).
   It protects you from fire.
   It protects you from cold.
 v - a ring of protection from magic (right claw)
 H - the amulet of the Ladybird (around neck) {Acrobat Int+5 Slay+2 Stlth+}
   (You found it on level 14 of the Dungeon)

   [amulet of the acrobat]

   It helps you evade while moving and waiting.
   It affects your intelligence (+5).
   It affects your accuracy and damage with ranged weapons and melee attacks
   (+2).
   It makes you more stealthy.
Wands
 w - a wand of enslavement (4)
 O - a wand of digging (3)
 U - a wand of paralysis (2)
 V - a wand of iceblast (30)
Scrolls
 a - 7 scrolls of immolation
 b - 7 scrolls of enchant armour
 g - 17 scrolls of remove curse
 j - 8 scrolls of magic mapping
 t - 10 scrolls of fog
 y - a scroll of holy word {unknown}
 G - a scroll of vulnerability {unknown}
 Q - 2 scrolls of noise
 W - a scroll of torment
 X - 3 scrolls of brand weapon
Potions
 f - 3 potions of cancellation {unknown}
 h - 2 potions of invisibility {unknown}
 k - 5 potions of mutation {unknown}
 l - 8 potions of flight
 m - 7 potions of brilliance
 n - 11 potions of curing
 q - 2 potions of ambrosia {unknown}
 E - 4 potions of lignification {unknown}
 K - 5 potions of might
 L - 3 potions of berserk rage {unknown}
 M - a potion of magic {unknown}
 R - 4 potions of degeneration {unknown}
 Y - 4 potions of resistance {unknown}
Miscellaneous
 C - 2 boxes of beasts
 I - a lightning rod (4/4)
 N - 2 sacks of spiders
Comestibles
 c - 68 rations


   Skills:
 - Level 15.3 Fighting
 * Level 23.6 Long Blades
 - Level 12.4 Dodging


You had 19 spell levels left.
You didn't know any spells.
Your spell library contained the following spells:

 Spells                   Type           Power        Failure   Level  Hunger
 Animate Skeleton         Necr           N/A          4%          1    ##.....
 Apportation              Tloc           #.....       4%          1    ##.....
 Confusing Touch          Hex            #.....       4%          1    ##.....
 Corona                   Hex            #......      4%          1    ##.....
 Flame Tongue             Conj/Fire      #....        4%          1    ##.....
 Infusion                 Chrm           #...         4%          1    ##.....
 Sandblast                Erth           #.....       4%          1    ##.....
 Shock                    Conj/Air       #...         4%          1    ##.....
 Sting                    Conj/Pois      #...         4%          1    ##.....
 Summon Butterflies       Summ           #.......     4%          1    ##.....
 Summon Small Mammal      Summ           #...         4%          1    ##.....
 Corpse Rot               Necr           N/A          6%          2    ###....
 Ensorcelled Hibernation  Hex/Ice        #.....       6%          2    ###....
 Passwall                 Tmut/Erth      #.......     6%          2    ###....
 Poisonous Vapours        Pois/Air       #.....       6%          2    ###....
 Shroud of Golubria       Chrm/Tloc      #.....       6%          2    ###....
 Song of Slaying          Chrm           #.......     6%          2    ###....
 Sublimation of Blood     Necr           #.........   6%          2    ###....
 Swiftness                Chrm/Air       #.......     6%          2    ###....
 Throw Flame              Conj/Fire      #.....       6%          2    ###....
 Call Canine Familiar     Summ           #.......     12%         3    ####...
 Confuse                  Hex            #.......     12%         3    ####...
 Conjure Flame            Conj/Fire      #.......     12%         3    ####...
 Dazzling Spray           Conj/Hex       #.....       12%         3    ####...
 Inner Flame              Hex/Fire       #.......     12%         3    ####...
 Mephitic Cloud           Conj/Pois/Air  #.......     12%         3    ####...
 Recall                   Summ/Tloc      N/A          12%         3    ####...
 Regeneration             Chrm/Necr      #.........   12%         3    ####...
 Spectral Weapon          Hex/Chrm       #.......     12%         3    ####...
 Static Discharge         Conj/Air       #.......     12%         3    ####...
 Stone Arrow              Conj/Erth      #.....       12%         3    ####...
 Tukima's Dance           Hex            #.......     12%         3    ####...
 Airstrike                Air            #.........   32%         4    #####..
 Animate Dead             Necr           N/A          32%         4    #####..
 Cause Fear               Hex            #.........   32%         4    #####..
 Leda's Liquefaction      Hex/Erth       #.........   32%         4    #####..
 Olgreb's Toxic Radiance  Pois           #.......     32%         4    #####..
 Petrify                  Tmut/Erth      #.......     32%         4    #####..
 Sticky Flame             Conj/Fire      #.......     32%         4    #####..
 Summon Ice Beast         Ice/Summ       #.......     32%         4    #####..
 Summon Lightning Spire   Summ/Air       #.......     32%         4    #####..
 Agony                    Necr           #.......     61%         5    ######.
 Bolt of Magma            Conj/Fire/Erth #.........   61%         5    ######.
 Borgnjor's Vile Clutch   Necr/Erth      #.........   61%         5    ######.
 Fireball                 Conj/Fire      #.........   61%         5    ######.
 Iskenderun's Battlesphe  Conj/Chrm      #.......     61%         5    ######.
 Lee's Rapid Deconstruct  Erth           #.........   61%         5    ######.
 Lightning Bolt           Conj/Air       #.........   61%         5    ######.
 Silence                  Hex/Air        #.........   61%         5    ######.
 Summon Forest            Summ/Tloc      #.........   61%         5    ######.
 Summon Mana Viper        Hex/Summ       #.......     61%         5    ######.
 Venom Bolt               Conj/Pois      #.........   61%         5    ######.
 Yara's Violent Unravell  Hex/Tmut       #.........   61%         5    ######.
 Conjure Ball Lightning   Conj/Air       #.........   98%         6    #######
 Darkness                 Hex            #.........   98%         6    #######
 Death Channel            Necr           #.........   98%         6    #######
 Deflect Missiles         Chrm/Air       #.........   98%         6    #######
 Hydra Form               Tmut           #.........   98%         6    #######
 Iron Shot                Conj/Erth      #.........   98%         6    #######
 Simulacrum               Ice/Necr       #.........   98%         6    #######
 Malign Gateway           Summ/Tloc      #.........   100%        7    #######
 Monstrous Menagerie      Summ           #.........   100%        7    #######
 Orb of Destruction       Conj           #.........   100%        7    #######
 Spellforged Servitor     Conj/Summ      #.........   100%        7    #######
 Summon Greater Demon     Summ           #.........   100%        7    #######
 Summon Hydra             Summ           #.........   100%        7    #######
 Discord                  Hex            #.........   100%        8    #######
 Summon Horrible Things   Summ           #.........   100%        8    #######
 Tornado                  Air            #.........   100%        9    #######


Dungeon Overview and Level Annotations

Branches:
Dungeon (15/15)            Temple (0/1) D:7            Lair (6/6) D:8
  Swamp (4/4) Lair:2        Snake (4/4) Lair:3        Slime (0/5) Lair:6
    Orc (2/2) D:10            Elf (3/3) Orc:2        Vaults (1/5) D:14
 Depths (0/5) D:15         Bailey (visited)           IceCv (visited)

Altars:
Ashenzari
Cheibriados
Dithmenos
Gozag
Nemelex Xobeh
Okawaru
Trog
Uskayaw
Wu Jian
Xom
Yredelemnul
Beogh
Lugonu

Shops:
D:5 }   D:9 *   D:13 (   Orc:1 *   Orc:2 ([*:   Elf:2 *   Snake:2 ==}
Snake:4 *

Annotations:
D:8 2 transporters


Innate Abilities, Weirdness & Mutations

You are too large for most types of armour.
You have claws for hands.
Your metabolism is lightning-fast.
You like to eat raw meat.
Your natural rate of healing is unusually fast.
You are covered in fur. (AC +1)
You have extremely tough skin. (AC +3)


Message History

The war gargoyle hits you with a +0 morningstar!!
* * * LOW HITPOINT WARNING * * *
Unknown command.
Unknown command.
Unknown command.
Your ogre goes berserk!
You feel quite a bit less full. The phantasmal warrior misses you.
The ironheart preserver gives up.
The war gargoyle hits you with a +0 morningstar.
* * * LOW HITPOINT WARNING * * *
Unknown command.
Unknown command.
Unknown command.
You feel clever all of a sudden. The phantasmal warrior hits you!!
* * * LOW HITPOINT WARNING * * *
The ironheart preserver weeps quietly.
The war gargoyle launches metal splinters at you.
The spray of metal splinters hits you!!
You die...

#..pT #..C#
##### #p..#
.....
#...#......
#...#......
#...#.>....
#.O.#......
#.9W'......
#..@######
#..........
#.)).......
#(.........
#.)........
#....[.....
#..........
#)..(......
#.........


You could see an ironheart preserver (fleeing), a frost giant (fleeing), a war
gargoyle, a phantasmal warrior and a friendly ogre (berserk).

Vanquished Creatures
  Nikola (Elf:3)
  Jorgrun (Orc:2)
  3 deep elf blademasters
  The ghost of Xigg the Thaumaturge, an adept GnWz of Sif Muna (Snake:2)
  4 deep elf master archers (Elf:3)
  4 sphinxes (Elf:3)
  Donald (Elf:1)
  A thorn hunter (Swamp:1)
  Roxanne (Elf:1)
  2 fire giants (D:15)
  8 nagarajas
  Aizul (Snake:2)
  7 deep elf sorcerers
  A vault warden (Vaults:2)
  Louise (Swamp:1)
  4 deep elf elementalists (Elf:3)
  2 stone giants (D:15)
  6 deep elf annihilators (Elf:3)
  Nessos (Orc:2)
  8 deep elf demonologists
  The ghost of Mebb the Imperceptible, a journeyman SpEn of Gozag (D:13)
  3 fire dragons
  Snorg (Orc:2)
  7 deep elf death magi (Elf:3)
  4 deep elf high priests (Elf:3)
  Josephine (Orc:2)
  Harold (D:9)
  19 hydras
  A great orb of eyes (Vaults:1)
  8 naga warriors
  A catoblepas (D:11)
  6 centaur warriors
  14 anacondas
  A merfolk avatar (Lair:6)
  5 two-headed ogres
  15 alligators
  19 dancing weapons
  A death knight (D:14)
  2 tengu warriors (D:15)
  10 death yaks
  A deep troll earth mage (D:15)
  8 naga sharpshooters
  11 shock serpents
  12 deep elf knights
  2 orc high priests
  A storm dragon zombie (Vaults:1)
  A storm dragon skeleton (Vaults:1)
  6 hell knights (D:14)
  A spriggan druid (Swamp:2)
  2 salamander mystics (Snake:4)
  6 swamp dragons
  A sea snake (Lair:6)
  2 unseen horrors
  6 naga ritualists
  8 deep elf archers
  An ironbrand convoker (Vaults:1)
  9 orc knights
  3 necromancers
  A fire giant zombie (Vaults:1)
  6 cyclopes
  60 deep elf magi
  3 harpies
  6 mana vipers
  8 manticores
  4 oklob plants (Lair:1)
  7 orc sorcerers
  6 salamanders
  6 ugly things
  2 wolf spiders (Vaults:1)
  2 salamanders (shapeshifter)
  13 elephants
  3 guardian serpents
  A guardian serpent (shapeshifter) (D:14)
  29 black mambas
  An ice statue (IceCv)
  Joseph (D:9)
  5 centaur skeletons
  12 naga magi
  A gargoyle (D:11)
  20 spiny frogs
  6 komodo dragons
  11 freezing wraiths
  A redback zombie (D:11)
  6 yaktaurs
  7 rime drakes
  A kobold demonologist (D:14)
  A polar bear (Lair:6)
  A human skeleton (Vaults:1)
  8 hornets
  A merfolk (D:14)
  A wolf spider simulacrum (IceCv)
  24 blink frogs
  6 bog bodies
  3 trolls
  A wind drake (Lair:6)
  Prince Ribbit (D:6)
  9 tyrant leeches
  A dream sheep (shapeshifter) (D:14)
  8 dream sheep
  15 slime creatures
  A harpy skeleton (D:15)
  4 centaur simulacra
  9 hippogriffs
  5 spriggans
  A water elemental (Elf:2)
  An elf simulacrum (Vaults:1)
  4 fire elementals
  11 wyverns
  Sigmund (D:2)
  3 air elementals (Elf:2)
  A vampire (D:11)
  5 shadows
  4 fire bats (Lair:3)
  46 yaks
  8 wraiths
  5 hungry ghosts
  20 vampire mosquitoes
  Grum (D:8)
  5 basilisks
  5 wargs
  39 nagas
  A spatial vortex (Lair:5)
  7 swamp worms
  2 acid dragons
  9 hell hounds
  22 water moccasins
  4 porcupines
  3 eyes of draining (D:3)
  7 swamp drakes
  2 black bears
  5 ice beasts
  38 orc warriors
  8 ogres
  6 sky beasts
  4 phantoms
  2 wolves (D:8)
  3 necrophages
  17 centaurs
  14 crocodiles
  2 big kobolds
  2 earth elementals
  11 bullfrogs
  4 scorpions
  A hornet simulacrum (D:14)
  17 wights
  4 howler monkeys
  5 electric eels
  14 crimson imps
  A lava snake (Lair:3)
  A quasit (D:8)
  5 centaur zombies
  A wyvern simulacrum (D:14)
  3 draconian simulacra (IceCv)
  4 bullfrog zombies
  7 hounds
  A gnoll shaman (D:6)
  5 jellies
  11 orc priests
  3 iguanas
  23 orc wizards
  15 worker ants
  2 spriggan simulacra (IceCv)
  5 troll simulacra (IceCv)
  A killer bee zombie (D:6)
  A hound zombie (D:8)
  3 hound skeletons
  3 worker ant zombies
  13 gnolls
  14 adders
  5 naga simulacra (IceCv)
  2 ogre simulacra (IceCv)
  8 shadow imps
  10 white imps (IceCv)
  5 oozes
  2 adder skeletons
  An adder zombie (D:5)
  A worm (D:2)
  4 dart slugs
  4 leopard geckos (D:3)
  92 orcs
  4 bats
  4 giant cockroaches
  12 goblins
  14 hobgoblins
  16 jackals
  6 quokkas
  A ball python (D:4)
  6 frilled lizards
  14 kobolds
  6 rats
  A briar patch (Swamp:1)
  2 bushes (Lair:4)
  A fungus (Lair:4)
1304 creatures vanquished.

Vanquished Creatures (collateral kills)
  2 deep elf blademasters
  4 nagarajas (Snake:4)
  An orc warlord (Orc:2)
  An ironheart preserver (D:14)
  A deep elf demonologist (Elf:3)
  3 deep elf annihilators (Elf:3)
  An ettin (D:14)
  A deep elf high priest (Elf:3)
  A hydra (D:14)
  3 centaur warriors
  2 naga warriors
  2 anacondas (Snake:4)
  4 dancing weapons (Elf:2)
  A two-headed ogre (D:14)
  A shock serpent (Snake:3)
  A naga sharpshooter (Snake:4)
  2 orc high priests
  3 deep elf knights
  A salamander mystic (Snake:4)
  A mana viper (Snake:4)
  An orc knight (Orc:1)
  6 ugly things
  4 deep elf magi
  4 cyclopes
  A naga mage (Snake:4)
  3 guardian serpents (Snake:4)
  3 black mambas
  Maurice (Orc:1)
  A gargoyle (D:11)
  A centaur skeleton (D:14)
  A wolf spider simulacrum (IceCv)
  2 trolls (Orc:1)
  2 hornets (Swamp:2)
  A hippogriff (D:11)
  2 slime creatures (Swamp:4)
  A meliai zombie (D:13)
  A water elemental (Elf:3)
  A wraith (D:13)
  2 spriggans (Swamp:2)
  A hungry ghost (D:14)
  3 vampire mosquitoes
  2 death yak simulacra (IceCv)
  A warg (Orc:1)
  14 nagas
  4 ice beasts
  4 orc warriors
  A swamp drake (Swamp:2)
  A black bear (D:11)
  An ogre (Orc:1)
  A wolf (D:8)
  2 centaurs (D:15)
  2 bullfrogs (D:11)
  A howler monkey (D:8)
  6 orc priests
  2 orc wizards (Orc:1)
  An adder (D:8)
  2 white imps (IceCv)
  4 orcs
  A kobold (D:8)
128 creatures vanquished.

Vanquished Creatures (others)
  A dancing weapon (Elf:2)
  A naga sharpshooter (Snake:4)
  2 death yaks (Lair:6)
  An orc high priest (Bailey)
  2 unseen horrors
  A slime creature (D:15)
  A blink frog (Lair:6)
  A swamp drake (Swamp:4)
  An ogre (D:8)
  A goblin (Bailey)
  3 fungi
  12 plants
27 creatures vanquished.

Grand Total: 1459 creatures vanquished

Notes
Turn   | Place    | Note
-------+----------+-------------------------------------------
     0 | D:1      | Johnny the Troll Berserker began the quest for the Orb.
     0 | D:1      | Reached XP level 1. HP: 22/22 MP: 0/0
   160 | D:1      | Reached XP level 2. HP: 29/29 MP: 1/1
   584 | D:1      | Reached skill level 3 in Long Blades
   584 | D:1      | Reached XP level 3. HP: 23/36 MP: 2/2
   639 | D:1      | Found a sparkling altar of Nemelex Xobeh.
   971 | D:2      | Noticed Sigmund
   983 | D:2      | Killed Sigmund
   983 | D:2      | Reached XP level 4. HP: 35/45 MP: 3/3
   983 | D:2      | Reached XP level 5. HP: 41/53 MP: 4/4
  1021 | D:2      | Reached skill level 4 in Long Blades
  1109 | D:2      | Reached ** piety under Trog
  1505 | D:3      | Reached XP level 6. HP: 54/61 MP: 5/5
  1982 | D:3      | Reached *** piety under Trog
  2127 | D:3      | Found a bloodstained altar of Trog.
  2143 | D:3      | Reached skill level 5 in Long Blades
  2143 | D:3      | Reached XP level 7. HP: 68/68 MP: 0/6
  2649 | D:4      | Found a shimmering altar of Xom.
  2929 | D:4      | Paralysed by a crimson imp for 2 turns
  3122 | D:5      | Entered Level 5 of the Dungeon
  3234 | D:5      | Reached skill level 6 in Long Blades
  3245 | D:5      | Reached XP level 8. HP: 40/79 MP: 7/7
  3403 | D:5      | Found Ipekium's Gadget Shoppe.
  3867 | D:5      | Found a snail-covered altar of Cheibriados.
  4037 | D:6      | Reached skill level 5 in Dodging
  4058 | D:6      | Reached skill level 5 in Fighting
  4074 | D:6      | Reached skill level 7 in Long Blades
  4234 | D:6      | Noticed Prince Ribbit
  4251 | D:6      | Killed Prince Ribbit
  4251 | D:6      | Reached XP level 9. HP: 57/88 MP: 8/8
  4428 | D:6      | Reached **** piety under Trog
  4862 | D:6      | Reached skill level 8 in Long Blades
  5300 | D:7      | Found a staircase to the Ecumenical Temple.
  5803 | D:7      | Found an iron altar of Okawaru.
  5905 | D:7      | Found an opulent altar of Gozag.
  5906 | D:7      | Found a basalt altar of Yredelemnul.
  6120 | D:8      | Reached skill level 9 in Long Blades
  6207 | D:8      | Found a corrupted altar of Lugonu.
  6207 | D:8      | Found a transporter.
  6207 | D:8      | Noticed a purple ugly thing
  6207 | D:8      | Noticed a purple ugly thing
  6221 | D:8      | Found a runed translucent door.
  6259 | D:8      | Reached XP level 10. HP: 96/100 MP: 9/9
  6266 | D:8      | Noticed a brown ugly thing
  6314 | D:8      | Killed a brown ugly thing
  6451 | D:8      | Found a transporter.
  6453 | D:8      | Noticed a white ugly thing
  6853 | D:8      | Reached ***** piety under Trog
  6956 | D:8      | Found a staircase to the Lair.
  7120 | D:8      | Found a hide-covered altar of Uskayaw.
  7121 | D:8      | Noticed Grum
  7138 | D:8      | Killed Grum
  7201 | D:8      | Found a shattered altar of Ashenzari.
  7201 | D:8      | Found an ornate altar of the Wu Jian Council.
  7411 | D:8      | Received a gift from Trog
  7586 | D:8      | Found a roughly hewn altar of Beogh.
  7733 | D:9      | Reached skill level 10 in Long Blades
  7750 | D:9      | Noticed a two-headed ogre
  7760 | D:9      | Killed a two-headed ogre
  7873 | D:9      | Found Gaqok's Assorted Antiques.
  7876 | D:9      | Bought a viscous inky potion for 20 gold pieces
  7876 | D:9      | Bought a scroll labeled KEOMUG MISHRIACK for 23 gold pieces
  7880 | D:9      | Bought a scroll of teleportation for 69 gold pieces
  7880 | D:9      | Bought a scroll of identify for 46 gold pieces
  7880 | D:9      | Bought a potion of curing for 69 gold pieces
  7880 | D:9      | Bought a potion of curing for 69 gold pieces
  8126 | D:9      | Noticed Joseph
  8189 | D:9      | Killed Joseph
  8189 | D:9      | Reached XP level 11. HP: 109/109 MP: 10/10
  8279 | D:9      | Noticed Harold
  8291 | D:9      | Killed Harold
  8507 | D:10     | Entered Level 10 of the Dungeon
  8712 | D:10     | Noticed a two-headed ogre
  8721 | D:10     | Killed a two-headed ogre
  8784 | D:10     | You fall into a shaft and drop 3 floors!
  8785 | D:13     | Found a runed translucent gate.
  8792 | D:13     | Found a runed translucent gate.
  8795 | D:13     | Found a runed translucent gate.
  8796 | D:13     | Noticed Mebb's ghost (journeyman SpEn)
  8805 | D:13     | Noticed a centaur warrior
  8813 | D:13     | Noticed a centaur warrior
  8814 | D:13     | Noticed a centaur warrior
  8827 | D:13     | Killed a centaur warrior
  8828 | D:13     | Killed a centaur warrior
  8829 | D:13     | Reached skill level 11 in Long Blades
  8977 | D:12     | Killed an unseen horror
  9344 | D:11     | Noticed a red ugly thing
  9350 | D:11     | Killed a red ugly thing
  9469 | D:11     | Noticed a catoblepas
  9665 | D:11     | Killed a catoblepas
  9739 | D:11     | Reached XP level 12. HP: 122/122 MP: 9/11
  9746 | D:11     | Noticed a two-headed ogre
  9778 | D:11     | Killed a two-headed ogre
  9796 | D:11     | Reached skill level 12 in Long Blades
 10590 | D:10     | Found a staircase to the Orcish Mines.
 11084 | D:12     | Noticed a two-headed ogre
 11088 | D:12     | Killed a two-headed ogre
 11220 | D:12     | Received a gift from Trog
 11370 | D:13     | You fall into a shaft and drop 1 floor!
 11649 | D:14     | Noticed an ironheart preserver
 11650 | D:14     | Noticed a centaur warrior
 11654 | D:14     | Killed an ironheart preserver
 11656 | D:14     | Reached skill level 13 in Long Blades
 11657 | D:14     | Found a gate to the Vaults.
 11657 | D:14     | Killed a centaur warrior
 11950 | D:14     | Noticed a death knight
 11964 | D:14     | Reached XP level 13. HP: 132/132 MP: 7/12
 12059 | D:14     | HP: 9/199 [guardian serpent (shapeshifter) (17)]
 12533 | D:14     | Reached skill level 10 in Dodging
 12706 | D:14     | Reached skill level 10 in Fighting
 13102 | D:13     | Found Ylepn's Antique Weapon Shop.
 13670 | D:13     | Killed Mebb's ghost
 13670 | D:13     | Reached skill level 14 in Long Blades
 13753 | D:14     | Found a transporter.
 13755 | D:14     | Found a transporter.
 13800 | D:14     | Noticed an ettin
 13805 | D:14     | Found a roughly hewn altar of Beogh.
 13835 | D:14     | Killed an ettin
 14022 | D:14     | Got a smoking steel amulet
 14052 | D:14     | Identified the amulet of the Ladybird {Acrobat Int+5 Slay+2
                  | Stlth+} (You found it on level 14 of the Dungeon)
 14116 | D:15     | Entered Level 15 of the Dungeon
 14131 | D:15     | Noticed a stone giant
 14131 | D:15     | Noticed a fire giant
 14161 | D:15     | Killed a stone giant
 14161 | D:15     | Reached XP level 14. HP: 108/144 MP: 13/13
 14169 | D:15     | Killed a fire giant
 14364 | D:15     | Identified the +3 robe "Kyroetomm" {+Inv rC+ Str-4 Dex+5}
 14366 | D:15     | Noticed a stone giant
 14380 | D:15     | Killed a stone giant
 14918 | D:15     | Found a staircase to the Depths.
 14918 | D:15     | Noticed a fire giant
 14942 | D:15     | Killed a fire giant
 14942 | D:15     | Reached skill level 15 in Long Blades
 15173 | D:15     | Found a shadowy altar of Dithmenos.
 15397 | Orc:1    | Entered Level 1 of the Orcish Mines
 15397 | Orc:1    | Found Wofof's General Store.
 15402 | Orc:1    | Noticed Maurice
 15432 | Orc:1    | Killed Maurice
 15460 | Orc:1    | Found a flagged portal.
 15469 | Bailey   | Entered a bailey
 15517 | Bailey   | Found an iron altar of Okawaru.
 15668 | Bailey   | Received a gift from Trog
 16184 | Orc:1    | Got a shimmering triple sword
 16186 | Orc:1    | Identified the +10 triple sword of Pride {drain, rElec rN+
                  | Int+3 Dex-3} (You acquired it on level 1 of the Orcish
                  | Mines)
 16288 | Orc:1    | Bought a potion of might for 56 gold pieces
 16288 | Orc:1    | Bought a scroll of immolation for 49 gold pieces
 16443 | Orc:1    | You fall into a shaft and drop 1 floor!
 16443 | Orc:2    | Entered Level 2 of the Orcish Mines
 16447 | Orc:2    | Noticed Nessos
 16457 | Orc:2    | Killed Nessos
 16461 | Orc:2    | Noticed Jorgrun
 16499 | Orc:2    | Killed Jorgrun
 16560 | Orc:2    | Found a staircase to the Elven Halls.
 16624 | Orc:2    | Noticed Snorg
 16745 | Orc:2    | Killed Snorg
 16920 | Orc:2    | Noticed an orc warlord
 16922 | Orc:2    | Noticed Josephine
 16932 | Orc:2    | Killed an orc warlord
 17171 | Orc:2    | Reached XP level 15. HP: 154/154 MP: 14/14
 17242 | Orc:2    | Found a roughly hewn altar of Beogh.
 17504 | Orc:2    | Killed Josephine
 17543 | Orc:2    | Found Tuzowkoh's Antique Armour Shoppe.
 17692 | Orc:2    | Found Meama's Book Shoppe.
 17707 | Orc:2    | Found Lelycig's General Store.
 17723 | Orc:2    | Found Quvac's Antique Weapon Shoppe.
 17746 | Orc:2    | Bought a potion of haste for 170 gold pieces
 17899 | Lair:1   | Entered Level 1 of the Lair of Beasts
 18003 | Lair:1   | Found a frozen archway.
 18015 | IceCv    | Entered an ice cave
 18140 | IceCv    | Received a gift from Trog
 18364 | IceCv    | Found an ancient bone altar of Kikubaaqudgha.
 19332 | Lair:1   | Reached skill level 16 in Long Blades
 19402 | Lair:1   | Got a smoking cloak
 19403 | Lair:1   | Identified the +2 cloak of the Known World {Dex+2} (You
                  | found it on level 1 of the Lair of Beasts)
 19563 | Lair:2   | Found a staircase to the Swamp.
 19931 | Lair:2   | Received a gift from Trog
 20487 | Lair:3   | Found a staircase to the Snake Pit.
 22256 | Lair:5   | Got a twisted scimitar
 22264 | Lair:5   | Identified the cursed +1 scimitar of Mepsueg {distort,
                  | Int+3} (You found it on level 5 of the Lair of Beasts)
 22454 | Lair:5   | Received a gift from Trog
 22815 | Lair:6   | Entered Level 6 of the Lair of Beasts
 22818 | Lair:6   | Reached XP level 16. HP: 163/166 MP: 15/15
 22841 | Lair:6   | Reached skill level 17 in Long Blades
 23307 | Lair:6   | Found a staircase to the Slime Pits.
 24003 | Swamp:1  | Entered Level 1 of the Swamp
 24003 | Swamp:1  | Noticed a thorn hunter
 24011 | Swamp:1  | Killed a thorn hunter
 24466 | Swamp:1  | Reached ****** piety under Trog
 24526 | Swamp:1  | Noticed Louise
 24532 | Swamp:1  | Received a gift from Trog
 24549 | Swamp:1  | Killed Louise
 24584 | Swamp:1  | Reached skill level 18 in Long Blades
 26642 | Snake:1  | Entered Level 1 of the Snake Pit
 27202 | Snake:1  | Received a gift from Trog
 27202 | Snake:1  | Reached XP level 17. HP: 174/174 MP: 16/16
 27207 | Snake:1  | Reached skill level 19 in Long Blades
 27386 | Snake:2  | Noticed Aizul
 27400 | Snake:2  | Killed Aizul
 27800 | Snake:2  | Found Bugucw's Jewellery Emporium.
 27853 | Snake:2  | Found Quej's Gadget Boutique.
 27854 | Snake:2  | Found Dumohyell's Jewellery Emporium.
 28280 | Snake:2  | Found a runed translucent door.
 28280 | Snake:2  | Found a shimmering altar of Xom.
 28280 | Snake:2  | Noticed Xigg's ghost (adept GnWz)
 28309 | Snake:2  | Killed Xigg's ghost
 28901 | Snake:3  | Received a gift from Trog
 29697 | Snake:3  | Found an opulent altar of Gozag.
 30013 | Snake:4  | Entered Level 4 of the Snake Pit
 30087 | Snake:4  | Reached skill level 20 in Long Blades
 30379 | Snake:4  | Found Zifirph's Assorted Antiques.
 30472 | Snake:4  | Bought a scroll of teleportation for 78 gold pieces
 30472 | Snake:4  | Bought a scroll of magic mapping for 91 gold pieces
 30472 | Snake:4  | Bought a scroll of enchant armour for 195 gold pieces
 30813 | Snake:4  | Received a gift from Trog
 31369 | Snake:4  | Reached XP level 18. HP: 117/187 MP: 17/17
 31776 | Snake:4  | Got a serpentine rune of Zot
 33310 | Elf:1    | Entered Level 1 of the Elven Halls
 33381 | Elf:1    | Noticed Donald
 33402 | Elf:1    | Killed Donald
 33596 | Elf:1    | Received a gift from Trog
 33861 | Elf:1    | Got a slimy glaive
 34207 | Elf:1    | Noticed Roxanne
 34224 | Elf:1    | Killed Roxanne
 34224 | Elf:1    | Reached skill level 21 in Long Blades
 34301 | Elf:1    | Received a gift from Trog
 34452 | Elf:1    | Identified Tykuahit's Grimoire of Supportive Confrontation
 35160 | Elf:2    | Reached skill level 15 in Fighting
 35200 | Elf:2    | Found Jucuyrgh's Assorted Antiques.
 35208 | Elf:2    | Bought a scroll of identify for 64 gold pieces
 35208 | Elf:2    | Bought a scroll of magic mapping for 112 gold pieces
 35208 | Elf:2    | Bought a scroll of identify for 64 gold pieces
 35208 | Elf:2    | Bought a potion of flight for 96 gold pieces
 35212 | Elf:2    | Identified the cursed +0 glaive of Watchfulness {speed,
                  | *Slow Fragile +Blink rElec} (You found it on level 1 of the
                  | Elven Halls)
 35263 | Elf:2    | Found a runed translucent gate.
 35263 | Elf:2    | Found a runed translucent gate.
 35264 | Elf:2    | Found a runed translucent gate.
 36011 | Elf:2    | Received a gift from Trog
 36316 | Elf:3    | Entered Level 3 of the Elven Halls
 36403 | Elf:3    | Reached XP level 19. HP: 86/201 MP: 18/18
 37003 | Elf:3    | Reached skill level 22 in Long Blades
 37463 | Elf:3    | Noticed Nikola
 37474 | Elf:3    | Killed Nikola
 37569 | Elf:3    | Noticed a Tzitzimitl
 38007 | Elf:3    | Received a gift from Trog
 38038 | Elf:3    | Identified the ring "Foargh" {rF+ rC+ Dex+6}
 38187 | Elf:3    | Identified the +6 war axe "Zeruj" {chop, rPois Dex-3 SInv}
 38404 | Elf:3    | Identified the +4 rapier "Douf" {pierce, rN++ Dex+3}
 38429 | Elf:3    | Identified the amulet of the Augurer {rElec Regen+ Int+6
                  | Slay-5}
 38563 | Elf:3    | Identified the cursed +0 ring mail of the Shore {*Contam
                  | rC+++ rCorr Str+6}
 38575 | Elf:3    | Noticed a Brimstone Fiend
 38913 | Elf:3    | Identified the +3 morningstar of Kindness {crush, +Blink
                  | rElec}
 39240 | Elf:3    | Identified the Tome of Entrancing Stolen Souls
 39279 | Elf:3    | Reached skill level 23 in Long Blades
 39419 | Elf:3    | Reached XP level 20. HP: 210/210 MP: 19/19
 40441 | Swamp:4  | Entered Level 4 of the Swamp
 40462 | Swamp:4  | Received a gift from Trog
 40980 | Swamp:4  | Got a decaying rune of Zot
 41298 | Vaults:1 | Entered Level 1 of the Vaults
 41754 | Vaults:1 | You fall into a shaft and drop 1 floor!
 41772 | Vaults:2 | Killed from afar by a war gargoyle

Levels and vault maps discovered:
D:1:      sevenhm_arrival_forest_fort_large_2, layout_basic,
          nemelex_altar_shiori
D:2:      layout_rooms, first_ration, uniq_sigmund
D:3:      layout_loops_cross, trog_eyes_of_draining
D:4:      layout_basic, led_xom_imps
D:5:      layout_loops_cross, serial_shops, shop, kennysheep_slug_shrine
D:6:      layout_loops_corners, nrook_mini_vaults, minmay_between,
          uniq_prince_ribbit1
D:7:      layout_basic, nicolae_overflow_hidden_temple,
          minmay_temple_entry_slanted
D:8:      gammafunk_corrupted_shrine, layout_gridville,
          gammafunk_temple_overflow_elements, erik_lair_dragon, basic_altar,
          lightli_church_of_beogh, uniq_grum
D:9:      wad_crossroads, layout_small_grid, serial_shops, kennysheep_mini,
          uniq_joseph, uniq_harold
D:10:     layout_roguey, david_orc_4
D:11:     hangedman_cross_cluster, layout_rooms
D:12:     layout_basic
D:13:     layout_cave_pools, serial_shops, nicolae_shop_trees,
          gammafunk_ghost_spectres
D:14:     gammafunk_beogh_shrine, layout_stronghold,
          skrybe_vaults_entry_preservation, hangedman_fish_farm,
          minmay_rotating_lava
D:15:     grunt_enter_depths_giant_problem, layout_basic,
          grunt_dithmenos_smoke_and_mirrors, minmay_checkered_concentric_circles
Lair:1:   layout_long_grid, portal_ice_cave_entry_pillars_1,
          minmay_lair_oklob_chamber, infiniplex_staircase_pool
Lair:2:   layout_small_grid, skrybe_swamp_entry_bodies, grunt_megastairs_3
Lair:3:   layout_gridlike, minmay_snake_entry_guardpost_small,
          serial_bayou_shore_a
Lair:4:   layout_roguey, serial_forest, infiniplex_forest_clump_diagonal,
          infiniplex_forest_join, infiniplex_forest_straight_3,
          infiniplex_forest_corner_1, infiniplex_forest_end_2,
          infiniplex_forest_corner_1, infiniplex_forest_lined_corner,
          infiniplex_forest_clump_medium, minivault_27
Lair:5:   layout_big_grid, beast_lair_carwin_8
Lair:6:   gammafunk_lair_ancient_temple, layout_cave_pods,
          nicolae_slime_entry_slimehenge, serial_bayou_shore_b
Swamp:1:  layout_basic_swamp, hangedman_swamp_ruin_wall, uniq_louise
Swamp:2:  layout_basic_swamp, nicolae_swamp_treefoil
Swamp:3:  layout_basic_swamp, hangedman_swamp_diagram, swamp_pool3
Swamp:4:  swamp_basic_johnstein, layout_basic_swamp
Snake:1:  layout_gridlike, nrook_guardian_serpent_double, grunt_megastairs_4
Snake:2:  layout_onion, ebering_ghost_xom, minmay_shop_grove,
          grunt_megastairs_2, uniq_aizul
Snake:3:  layout_cave_town, basic_altar, grunt_ministairs_10,
          serial_bayou_crossing, lemuel_fruit_tree
Snake:4:  johnstein_snake_rune_scales, layout_layer_cave, serial_shops, shop
Orc:1:    layout_caves, serial_shops, nicolae_shop_crystal, enter_bailey_1,
          uniq_maurice
Orc:2:    grunt_orc_cross, layout_diamond_mine, uniq_jorgrun, uniq_josephine,
          uniq_snorg, uniq_nessos
Elf:1:    layout_loops_corners, minmay_elf_sorcery, uniq_donald, uniq_roxanne
Elf:2:    layout_geoelf_diagonals, serial_shops, shop, guppyfry_elf_garden
Elf:3:    nooodl_elf_gasket, layout_loops_corners, special_room
          [special_room_mythical_zoo], uniq_nikola
Vaults:1: dpeg_vaults_monster_box, vaults_mumra_lcd,
          nicolae_vaults_halls_meeting, grunt_vaults_swirl, v_misc_11,
          v_misc_26, v_alt_pattern_5, vaults_room_door_ring, v_rooms_6,
          nicolae_vaults_little_ls, v_alt_pattern_1, nicolae_vaults_asterisk,
          layout_vaults_omnicross
Vaults:2: st_greater_box_2, hangedman_vaults_cutoff,
          nicolae_vaults_border_crossing, vaults_room_hallway,
          layout_vaults_omnigrid, minmay_crypt_entry_simple_walls, serial_shops,
          shop, uniq_margery, uniq_saint_roka

Skill      XL: |  1  2  3  4  5  6  7  8  9 10 11 12 13 14 15 16 17 18 19 |
---------------+----------------------------------------------------------+-----
Long Blades    | 3 4 5 6 7 9 10 11 13 14 15 16 18 20 21 23 | 23.6
Fighting       | 3 4 5 6 7 8 9 10 11 12 13 15 | 15.3
Dodging        | 3 4 5 6 7 8 9 10 11 12 | 12.4

Action                   |  1- 3 |  4- 6 |  7- 9 | 10-12 | 13-15 | 16-18 | 19-21 || total
-------------------------+-------+-------+-------+-------+-------+-------+-------++-------
Melee: Falchion          |    87 |    54 |       |       |       |       |       ||   141
       Dagger            |       |   150 |   688 |   126 |       |       |       ||   964
       Great sword       |       |       |    10 |   576 |   542 |       |     8 ||  1136
       Unarmed           |       |       |       |     1 |       |       |       ||     1
       Scimitar          |       |       |       |       |    27 |       |       ||    27
       Triple sword      |       |       |       |       |   456 |  1013 |   428 ||  1897
Throw: Throwing net      |       |       |       |     3 |       |     4 |     7 ||    14
       Large rock        |       |       |       |       |       |       |    18 ||    18
Invok: Berserk           |     2 |     3 |     3 |    11 |    30 |    25 |    12 ||    86
       Brothers in Arms  |       |       |       |     7 |    15 |    15 |     8 ||    45
       Trog's Hand       |       |       |       |       |     5 |     4 |     6 ||    15
Evoke: Wand              |       |       |     7 |    23 |    41 |    19 |     6 ||    96
       Lightning rod     |       |       |       |       |       |     7 |     6 ||    13
       Sack of spiders   |       |       |       |       |       |       |     1 ||     1
       Box of beasts     |       |       |       |       |       |       |     9 ||     9
  Use: Scroll            |       |       |     2 |    13 |    15 |    13 |    18 ||    61
       Potion            |       |       |       |     7 |     8 |     2 |     8 ||    25
 Stab: Sleeping          |       |     1 |       |       |     2 |     2 |       ||     5
       Confused          |       |       |       |     1 |       |       |       ||     1
       Distracted        |       |       |       |       |     3 |       |     1 ||     4
       Held in net/web   |       |       |       |       |       |       |     2 ||     2
  Eat: Chunk             |    10 |    18 |    37 |    84 |   137 |   129 |    63 ||   478
       Ration            |       |       |     2 |       |     4 |     9 |     1 ||    16
Armor: Animal skin       |    45 |    59 |   139 |   110 |       |       |       ||   353
       Troll leather arm |       |       |       |    53 |   236 |    72 |       ||   361
       Swamp dragon scal |       |       |       |       |       |   196 |   207 ||   403
Dodge: Dodged            |    49 |   141 |   453 |   680 |   953 |  1069 |   433 ||  3778
       Rpst.: Falchion   |    19 |     8 |       |       |       |       |       ||    27
       Great sword       |       |       |     3 |   148 |   103 |       |     1 ||   255
       Scimitar          |       |       |       |       |     4 |       |       ||     4
       Triple sword      |       |       |       |       |   119 |   217 |    60 ||   396
